[Event "10th Menchik Memorial 2025"]
[Site "London"]
[Date "2025.03.23"]
[Round "8.1"]
[White "Yao, Lan"]
[Black "Mirzoeva, Elmira"]
[Result "1/2-1/2"]
[Annotator "TA"]
[ECO "B19"]
[WhiteElo "2294"]
[BlackElo "2272"]
[PlyCount "124"]
[EventDate "2025.03.11"]
[EventType "tourn"]
[EventCountry "ENG"]
[SourceTitle "playchess.com"]
[Source "ChessBase"]
[SourceQuality "1"]
[TimeControl "5400+30"]

1. e4 c6 2. d4 d5 3. Nd2 dxe4 4. Nxe4 Bf5 5. Ng3 Bg6 6. h4 h6 7. Nf3 Nd7 8. h5 Bh7 9. Bd3 Bxd3 10. Qxd3 e6 11. Bd2 Ngf6 12. O-O-O Be7 13. Kb1 Qc7 {[%emt 0:00:30] 13...Qb6 is becoming the main line.} 14. Ne4 O-O-O {[%emt 0:00:26] B19: Classical Caro-Kann: 4...Bf5 main line.} 15. g3 $1 c5 16. Nxf6 Bxf6 17. Qa3 cxd4 18. Qxa7 Qc5 19. Qa8+ (19. Qxc5+ {simplifies} Nxc5 20. Ne1 e5 21. Nd3) 19... Kc7 20. Qa5+ Qxa5 21. Bxa5+ b6 22. Bb4 $146 (22. Bd2 e5 23. Rhe1 Rhe8 24. Bb4 Nc5 25. Nd2 Rd5 26. g4 Bg5 27. f3 f6 28. Ne4 {0-1 Blazeka,M (2275)-Deviatkin,A (2508) Titled Tuesday intern op1 2nd Aug blitz 2016 (5)}) 22... Nb8 23. Ba3 Nc6 24. b3 Rd5 25. Bb2 Rhd8 26. Nd2 b5 27. f4 Ra8 28. a3 Be7 29. b4 $1 f6 30. Ne4 Rad8 31. Nf2 e5 32. fxe5 fxe5 33. Ne4 R8d7 34. Rhf1 Nd8 35. Rd3 Ne6 36. Bc1 Kc6 37. c3 Rd8 38. Kc2 R5d7 39. Kb3 Kd5 40. Re1 Rf8 41. Bb2 {[%emt 0:00:29] Black must now prevent cxd4.} Rf5 (41... Rc7 $11 {remains equal.}) 42. cxd4 $16 Nxd4+ 43. Bxd4 exd4 44. Nc3+ (44. g4 $1 $14 Re5 (44... Rf4 45. Nc3+ Kc6 46. Re6+ Kb7 47. Nxb5 $14) 45. Nc3+ Ke6 46. Red1 (46. Rxe5+ Kxe5 47. Nxb5 Ke4 $11)) 44... Kc6 $11 45. Re6+ Kc7 46. Ne2 (46. g4 $5 Rg5 $8 47. Ra6 $11) 46... Rxh5 47. Rxd4 Rxd4 48. Nxd4 {[%emt 0:00:03][%mdl 4096] Endgame KRB-KRN} Bf6 49. Ne2 (49. Re4 $1 $15) 49... Re5 $1 $17 50. Rxe5 Bxe5 {[%emt 0:00:00] KB-KN} 51. a4 bxa4+ $1 52. Kxa4 Kc6 53. Kb3 Kd5 $1 54. Kc2 $2 {[%emt 0:00:07] [#]} (54. b5 $17) 54... Ke4 $1 $19 55. Kd2 Kf3 (55... Bc7 $19 {and Black stays clearly on top.} 56. g4 g5 57. Nc3+ Kf3) 56. b5 $2 (56. Kd3 $17 {is the only way for White.}) 56... Bc7 $2 (56... Bxg3 $2 57. Nxg3 g6 58. b6 Kxg3 59. b7 $18) (56... g5 $19 {[%cal Oe5c7] And now ...Bc7! would win.} 57. b6 h5 (57... Bxg3 $2 58. Nxg3 Kxg3 59. b7 $18)) 57. Ke1 $2 (57. Nd4+ $11 {and White stays safe.} Kg4 (57... Kxg3 58. Nf5+ Kf3 59. Nxg7 $11) 58. Ke3) 57... h5 (57... Bxg3+ $2 58. Nxg3 Kxg3 59. b6 $18) 58. Kf1 {[%emt 0:01:23] [#]} Ba5 $2 (58... Bxg3 $2 {loses.} 59. Nxg3 Kxg3 60. b6 $18) (58... Bb6 $1 $19 59. Nc3 g5 (59... Kxg3 60. Nd5 $17)) 59. Nd4+ $11 {[%emt 0:00:23] The position is equal.} Kxg3 60. Nf5+ Kf3 61. Nxg7 h4 62. Kg1 Ke4 {[%emt 0:00:25] Weighted Error Value: White=0.25 (precise) /Black=0.29 (precise)   Loses game:     	White=3     	---        Missed win:     	---       	Black=2      Mistake:       	White=2     	Black=2      Inaccurate:     	White=3     	---        OK:         	White=18    	Black=18     Best:        	White=3     	Black=1      Strong:       	White=2     	Black=4} 1/2-1/2

[Event "10th Menchik Memorial 2025"]
[Site "London"]
[Date "2025.03.23"]
[Round "8.2"]
[White "Van Foreest, Machteld"]
[Black "Unuk, Laura"]
[Result "0-1"]
[Annotator "TA"]
[ECO "C24"]
[WhiteElo "2352"]
[BlackElo "2301"]
[PlyCount "108"]
[EventDate "2025.03.11"]
[EventType "tourn"]
[EventCountry "ENG"]
[SourceTitle "playchess.com"]
[Source "ChessBase"]
[SourceQuality "1"]
[TimeControl "5400+30"]

1. e4 e5 2. Nf3 Nc6 3. Bc4 Nf6 4. d3 d5 5. exd5 Nxd5 6. O-O Be7 7. Re1 f6 {[%emt 0:00:17] C24: Bishop's Opening: 2...Nf6.} 8. Nc3 Be6 9. Ne4 Qd7 $146 {[%emt 0:07:21] The position is equal.} ({Predecessor:} 9... Na5 10. Nxe5 fxe5 11. Qh5+ Bf7 12. Qxe5 O-O 13. Bxd5 Bxd5 14. Nc3 Bb4 15. Nxd5 Bxe1 {0-1 Audi,A (2391)-Pechac,J (2608) Piestany Slovakia op-A 2023 (9)}) 10. d4 O-O-O 11. dxe5 Nxe5 12. Nxe5 fxe5 13. Bg5 Kb8 14. Bxe7 Qxe7 15. Qh5 Bc8 16. Bxd5 Rxd5 17. Nc3 Rd2 18. Rxe5 Qb4 19. Rb5 Qd4 {[%emt 0:01:52] Black is more active.} 20. Qf3 {[%emt 0:00:35] And now Rd5 would win.} Rxc2 21. Rd1 Rd2 {[%emt 0:04:49] Black plays in the center} ({Better is} 21... Qf6 $15 22. Qxf6 gxf6) 22. Rd5 $11 Rxd1+ 23. Qxd1 Qxd1+ 24. Rxd1 {[%emt 0:00:02][%mdl 4096] Endgame KRB-KRN} c6 25. Re1 Rd8 26. f4 b5 27. Re7 Rd2 28. Re2 Rxe2 29. Nxe2 {[%emt 0:00:02] KB-KN} Kc7 30. b4 (30. Kf2 $11 {keeps the balance.}) 30... c5 31. a3 (31. bxc5 $142 Kc6 32. f5) 31... Kc6 $17 32. Nc3 {[%emt 0:01:10] [#]} a5 $1 33. bxa5 {[%emt 0:00:17] [#]} b4 $1 34. axb4 cxb4 35. Nd1 Kb5 36. Kf2 Kxa5 37. Nb2 b3 38. Ke3 Kb4 39. Kd2 Bf5 40. Nd1 g6 (40... Bc2 $142 41. Ne3 Be4) 41. g3 {[%emt 0:00:27] [#]} (41. Kc1 $17) 41... h5 $1 $19 42. Nb2 Bc2 43. Kc1 (43. h3 {is a better defense.}) 43... Kc3 44. Na4+ Kd3 (44... Kd4 $19 {Hoping for ...Ke3.} 45. Kd2 Ke4) 45. Nb6 (45. f5 $17 gxf5 46. Nb6) 45... Ke3 46. Nc4+ Kf2 47. Ne5 $2 (47. Kd2) 47... Bf5 48. Nc6 Kg2 49. Nd4 Kxh2 50. Nxb3 Kxg3 51. Kd1 h4 {[%emt 0:00:07][%cal Oh4h3] ( -> ...h3!)} 52. Nd2 h3 53. Ke2 h2 54. Nf1+ Kh3 {[%emt 0:00:11] Weighted Error Value: White=0.68/Black=0.09 (flawless)   Mistake:       	White=6     	Black=3      Inaccurate:     	White=4     	---        OK:         	White=11    	Black=18     Best:        	White=1     	Black=1      Strong:       	---       	Black=2} (54... Kxf4 55. Nxh2 Be4 56. Kf2 $15) 0-1

[Event "10th Menchik Memorial 2025"]
[Site "London"]
[Date "2025.03.23"]
[Round "8.3"]
[White "Navrotescu, Andreea"]
[Black "Schulze, Lara"]
[Result "1/2-1/2"]
[Annotator "TA"]
[ECO "D31"]
[WhiteElo "2288"]
[BlackElo "2313"]
[PlyCount "98"]
[EventDate "2025.03.11"]
[EventType "tourn"]
[EventCountry "ENG"]
[SourceTitle "playchess.com"]
[Source "ChessBase"]
[SourceQuality "1"]
[TimeControl "5400+30"]

1. d4 d5 2. c4 e6 3. Nc3 a6 4. cxd5 exd5 5. Qb3 c5 6. Qxd5 {[%emt 0:00:19] D31: Queen's Gambit Declined: Semi-Slav without ...Nf6 (+ Marshall Gambit and Noteboom) and Exchange Variation lines without ...Nf6.} cxd4 7. Qxd8+ Kxd8 8. Nd5 {[%emt 0:00:35] White has an edge.} Be6 9. Nf4 Bb4+ 10. Bd2 Bxd2+ 11. Kxd2 Nf6 12. Nf3 Nc6 13. Ng5 $146 (13. Nxe6+ fxe6 14. e3 Kc7 15. exd4 Rad8 16. Rc1 Kb6 17. Bd3 Nxd4 18. Ne5 Rhf8 19. Rc4 {0-1 Dreev,A (2623)-Tristan,L (2553) Titled Tuesday intern op 05th Apr Late blitz 2022 (6)}) 13... Ke7 14. g3 Bf5 15. Bg2 h6 16. Nf3 Ne4+ (16... Rhe8 17. Rhd1 Kf8 18. Nd3 Be4) 17. Ke1 Rac8 18. Nh4 Bh7 {[%emt 0:02:49] [#]} 19. Nhg6+ $1 fxg6 20. Bxe4 g5 21. Ng6+ (21. Bxh7 $1 $14 Rxh7 22. Nd3) 21... Kf6 $15 (21... Kd6 {is interesting.} 22. h4 Rhe8 23. Bf5 d3) 22. Bxc6 Bxg6 23. Ba4 (23. Bxb7 $15 Rc2 24. Bxa6) 23... Bc2 (23... d3 $17 24. h4 Rhd8 25. exd3 g4 (25... Rxd3 26. Rd1 $15)) 24. Bd7 $1 $11 Rcd8 $36 {[%emt 0:04:12][%mdl 2048] Black fights for an advantage.} 25. Bg4 Be4 26. Bf3 (26. f3 $15 Bc6 27. h4) 26... Bxf3 $17 27. exf3 {[%emt 0:00:02][%mdl 4096] Endgame KRR-KRR} Rhf8 28. Rc1 Rd7 29. Kf1 (29. h4 $142) 29... Re8 30. Rc2 (30. Rd1 $17 {was necessary.}) 30... Rde7 $2 {[%emt 0:00:16] [#]} (30... d3 $19 {has better winning chances.} 31. Rd2 Rc8) 31. Rd2 (31. Kg2 $17) 31... Re1+ $19 32. Kg2 Rxh1 33. Kxh1 {[%emt 0:00:02] KR-KR} Re1+ 34. Kg2 Ke5 35. h4 (35. a3 $142) 35... gxh4 36. gxh4 Kd5 (36... b5 $19 37. b3 Kd5) 37. b3 $2 (37. Rc2 $17) 37... Rc1 38. Kg3 Rc6 39. Kg4 Rg6+ 40. Kf5 Rf6+ 41. Kg4 a5 42. h5 a4 43. Rd3 $2 (43. bxa4 Rf7 44. a5 Kc4 45. Rc2+ Kb4 46. Rb2+ Kc3 (46... Kxa5 47. f4 $17)) (43. Kg3) 43... Rc6 44. Kf5 Rc3 45. Rd2 Rxf3+ 46. Kg6 Rh3 (46... d3 $142 47. bxa4 Kc4) 47. bxa4 Kc4 $2 (47... Rh2 $19 {Hoping for ...Rg2+.} 48. Rb2 d3) 48. Rc2+ $1 $11 Rc3 49. Rb2 ({Don't blunder} 49. Rxc3+ $2 dxc3 50. Kxg7 c2 51. Kxh6 c1=Q+ $19 (51... c1=R $2 52. Kg5 $19)) 49... d3 {[%emt 0:00:55] Weighted Error Value: White=0.32/Black=0.28 (precise)   Loses game:     	White=2     	---        Missed win:     	---       	Black=1      Mistake:       	White=8     	Black=4      Inaccurate:     	White=2     	Black=1      OK:         	White=6     	Black=18     Best:        	White=5     	Black=7      Strong:       	White=2     	---        Brilliant:      	White=1     	---} 1/2-1/2

[Event "10th Menchik Memorial 2025"]
[Site "London"]
[Date "2025.03.23"]
[Round "8.4"]
[White "Toma, Katarzyna"]
[Black "Hunt, Harriet V"]
[Result "1/2-1/2"]
[Annotator "TA"]
[ECO "B38"]
[WhiteElo "2177"]
[BlackElo "2296"]
[PlyCount "49"]
[EventDate "2025.03.11"]
[EventType "tourn"]
[EventCountry "ENG"]
[SourceTitle "playchess.com"]
[Source "ChessBase"]
[SourceQuality "1"]
[TimeControl "5400+30"]

1. e4 c5 2. Nf3 d6 3. d4 cxd4 4. Nxd4 Nf6 5. f3 Nc6 6. c4 g6 7. Be3 Bg7 8. Qd2 O-O 9. Be2 Bd7 10. O-O a6 11. Nc3 Rb8 12. Nb3 {[%emt 0:06:37][%cal Bd4b3,Bb3a1,Ba1c2][%mdl 32] White is more active. B38: Sicilian: Maroczy Bind with 5...Bg7 and 7...0-0.} Be6 13. Rac1 Nd7 14. Nd5 {[%emt 0:04:10] White is slightly better.} a5 $146 (14... Re8 15. Kh1 f5 16. exf5 Bxf5 17. Bh6 Bh8 18. g4 Be6 {1-0 Von Gleich,A (2214)-Balguzhinov,B (2155) FIDE World Rapid Team 2024 (3.37)}) 15. Na1 Nc5 16. b3 f5 17. exf5 Bxf5 18. Nc2 Rf7 (18... Bxc2 $14 19. Qxc2 (19. Rxc2 b6 $16) 19... e6) 19. Rcd1 b6 20. Rfe1 (20. Na3 $16) 20... Qf8 (20... Bxc2 $11 {remains equal.} 21. Qxc2 e6) 21. Bf1 Bd7 (21... e6 $14) 22. Rb1 Bf5 23. Rbd1 Bd7 $1 24. Rb1 ({White should play} 24. Na3 $16) 24... Bf5 $1 $11 25. Rbd1 {[%emt 0:00:10] Weighted Error Value: White=0.26 (precise) /Black=0.16 (very precise)   Mistake:       	White=2     	Black=3      Inaccurate:     	White=4     	Black=1      OK:         	White=3     	Black=4      Best:        	White=1     	---        Strong:       	---       	Black=2} 1/2-1/2

[Event "10th Menchik Memorial 2025"]
[Site "London"]
[Date "2025.03.23"]
[Round "8.5"]
[White "Zimina, Olga"]
[Black "Sliwicka, Alicja"]
[Result "1/2-1/2"]
[Annotator "TA"]
[ECO "D02"]
[WhiteElo "2293"]
[BlackElo "2342"]
[PlyCount "67"]
[EventDate "2025.03.11"]
[EventType "tourn"]
[EventCountry "ENG"]
[SourceTitle "playchess.com"]
[Source "ChessBase"]
[SourceQuality "1"]
[TimeControl "5400+30"]

1. d4 Nf6 2. Nf3 g6 3. Nbd2 d5 4. e3 Bg7 5. b4 a5 6. b5 {[%emt 0:00:05] D02: 1 d4 d5 2 Nf3 sidelines, including 2...Nf6 3 g3 and 2...Nf6 3 Bf4.} c5 7. bxc6 Nxc6 8. Be2 {[%emt 0:02:04] The position is equal.} O-O 9. O-O Bf5 10. a4 $146 (10. c4 $11) (10. c4 Nb4 11. Bb2 Rc8 12. Ne5 Nd7 13. Nxd7 Qxd7 14. Bc3 Bc2 15. Qc1 Bd3 16. Bxd3 Nxd3 {0-1 Fressinet,L (2591)-Vachier Lagrave,M (2725) Titled Tuesday intern op 11th Mar Early blitz 2025 (4)}) 10... Nb4 $1 $15 11. Ne1 Rc8 12. c4 e5 13. Bb2 Nd7 (13... exd4 $15 {keeps the upper hand.} 14. Bxd4 Nc6) 14. cxd5 $16 {[%emt 0:05:21][%csl Od5] aiming for e4. White has a strong passed pawn} Nb6 (14... exd4 $16 {was called for.} 15. e4 Nxd5 16. exf5 (16. exd5 d3 $14) 16... d3) 15. e4 $18 (15. dxe5 Qxd5 16. Bf3 Qd7 $14) 15... Bd7 16. dxe5 Qe8 17. Bd4 Bxa4 18. Qb1 Bb5 19. Rxa5 $2 {[%emt 0:20:29] [#]} (19. Bxb6 Bxe2 20. f4 (20. Rxa5 Bxe5 21. Nef3 Bc3 $11) 20... Bxf1 $14) (19. Bxb5 $18 Qxb5 20. Nef3) 19... Bxe2 $11 20. Bxb6 Bxf1 (20... Bxe5 $11 21. Bc5 (21. Qxb4 Bc3 $17) 21... b6 22. Bxb6 (22. Bxb4 $2 bxa5 23. Bxf8 Kxf8 $19) 22... Bxf1 23. Nxf1 (23. Qxb4 $2 Bc3 $19) 23... Bc3) 21. Kxf1 ({White should play} 21. Nxf1 $16 Na6 22. d6 (22. f4 Rc4 $16)) 21... Bxe5 $1 22. Bc5 (22. Qxb4 Bc3 (22... Bxh2 $2 23. g3 $18) 23. Qb5 Bxd2 (23... Qxb5+ 24. Rxb5 Bxd2 25. Nf3 $11) 24. Qxe8 Rfxe8 $17) (22. Kg1 $11 {remains equal.}) 22... b6 $1 $17 23. Bxb6 Bc3 24. Nef3 Rb8 (24... Ra8 $17 {And now ...Rxa5 would win.} 25. Bd4 Rxa5 26. Bxc3 Qb5+ 27. Kg1 Rc8) 25. Nc4 $11 Qc8 (25... Ra8 $11 26. Rxa8 Qxa8) 26. Qb3 $36 {[%emt 0:01:25][%mdl 2048] Keeping Black busy.} Na6 {[%emt 0:00:45] Prevents d6. Black is weak on the dark squares} 27. Rb5 Bg7 28. Qd3 Qd7 {[%emt 0:01:16] [#]} 29. Nce5 $1 {[%emt 0:00:47] Excellent horsemanship.} Qb7 30. Nc4 {[%emt 0:02:36] White is more active.} (30. Qc4 $16) 30... Qd7 $11 31. Nce5 (31. Ra5 $11 {was preferable.} Rfc8 32. Nfd2 (32. Rxa6 Qb5 $11)) 31... Qb7 $1 $16 32. Nc4 Qd7 33. Nce5 (33. Ra5 $5 Rfc8 34. Nfd2 $14 (34. Rxa6 Qb5 $11)) 33... Qb7 34. Nc6 {[%emt 0:00:30] Blacks defense is rewarded with a draw.   Weighted Error Value: White=0.35/Black=0.24 (precise)   Missed win:     	White=1     	---        Mistake:       	White=5     	Black=5      Inaccurate:     	White=1     	---        OK:         	White=12    	Black=11     Best:        	White=3     	Black=4      Strong:       	White=1     	Black=4} 1/2-1/2